 Dungeon Crawl Stone Soup version 0.28-a0-1312-g71652a0310 (webtiles) character file.

Game seed: 13290082399821943181

1770 bearlyready the Carver (level 8, -8/70 HPs)
             Began as a Minotaur Cinder Acolyte on Dec 27, 2021.
             Was an Initiate of Gozag.
             Killed from afar by an acid dragon (26 damage)
             ... with a splash of acid
             ... on level 7 of the Dungeon.
             The game lasted 00:12:24 (7105 turns).

bearlyready the Carver (Minotaur Cinder Acolyte)    Turns: 7105, Time: 00:12:25

Health: -8/70      AC:  9    Str: 20    XL:     8   Next: 80%
Magic:  4/8        EV: 17    Int: 11    God:    Gozag
Gold:   443        SH:  0    Dex:  7    Spells: 9/9 levels left

rFire   . . .      SeeInvis .   a - -1 falchion (flame)
rCold   . . .      Faith    .   (no shield)
rNeg    . . .      Spirit   .   q - +3 scale mail {rF+}
rPois   .          Reflect  .   (helmet restricted)
rElec   .          Harm     .   b - +0 cloak
rCorr   .          Rampage  .   w - +1 pair of gloves {infuse}
Will    +....                   (no boots)
Stlth   ..........              k - amulet of regeneration
HPRegen 1.01/turn               B - ring of the Hare {EV+8}
MPRegen 0.11/turn               r - ring of willpower

@: corroded, fire susceptible
A: horns 2, retaliatory headbutt, fire resistance 1, robust 1, shaggy fur 1,
devolution 1
a: Renounce Religion, Potion Petition, Call Merchant, Bribe Branch


You were on level 7 of the Dungeon.
You worshipped Gozag.
Gozag was aware of your devotion.
You visited 2 branches of the dungeon, and saw 8 of its levels.
You also visited: Ossuary.

You collected 601 gold pieces.
You paid 158 gold pieces to Gozag.

Inventory:

Hand Weapons
 a - a -1 falchion of flaming (weapon)
 o - a +0 hunting sling
 p - a +0 long sword
 x - a +0 whip of venom
Missiles
 h - 24 poisoned darts (quivered)
 i - 94 stones
 j - 60 bolts
 s - 110 arrows
 F - 2 boomerangs
 G - 30 sling bullets
Armour
 b - a +0 cloak (worn)
 q - a +3 scale mail of fire resistance (worn)
 w - a +1 pair of gloves of infusion (worn)
Jewellery
 k - an amulet of regeneration (around neck)
 m - a +6 ring of intelligence
 r - a ring of willpower (right hand)
 B - the ring of the Hare (left hand) {EV+8}
   (You found it on level 5 of the Dungeon)

   [ring of evasion]

   EV:        It affects your evasion (+8).
Wands
 H - a wand of polymorph (14)
Scrolls
 c - 2 scrolls of immolation
 d - 4 scrolls of identify
 f - 2 scrolls of teleportation
 l - a scroll of amnesia
 y - a scroll of enchant armour {unknown}
 z - a scroll of torment {unknown}
 A - a scroll of fear {unknown}
 D - a scroll of enchant weapon {unknown}
Potions
 e - 8 potions of curing {unknown}
 g - a potion of attraction {unknown}
 n - a potion of haste {unknown}
 t - a potion of magic {unknown}
 u - 2 potions of mutation
 v - a potion of degeneration {unknown}
 C - a potion of brilliance {unknown}
 E - a potion of invisibility {unknown}
 I - a potion of lignification {unknown}


   Skills:
 - Level 3.6 Fighting
 + Level 13.8 Long Blades
 - Level 1.0 Spellcasting
 - Level 2.1 Fire Magic


You had 9 spell levels left.
You didn't know any spells.
Your spell library contained the following spells:

 Spells                   Type           Power      Damage    Failure   Level
 Scorch                   Fire           10%        2d6       52%         2
 Call Canine Familiar     Summ           0%         N/A       96%         3
 Ozocubu's Armour         Ice            0%         N/A       96%         3
 Portal Projectile        Hex/Tloc       0%         N/A       96%         3
 Ice Form                 Ice/Tmut       0%         N/A       100%        4
 Leda's Liquefaction      Hex/Erth       0%         N/A       100%        4
 Simulacrum               Ice/Necr       0%         N/A       100%        6


Dungeon Overview and Level Annotations

Branches:
Dungeon (7/15)             Temple (1/1) D:6         Ossuary (visited)

Altars:
Ashenzari
Dithmenos
Elyvilon
Fedhas
Gozag
Hepliaklqana
Kikubaaqudgha
Makhleb
Nemelex Xobeh
Qazlal
Ru
Trog
Uskayaw
Vehumet
Wu Jian
Xom
Yredelemnul
Zin
The Shining One

Shops:
D:5 *

Annotations:
D:6 exclusion: oklob plant


Innate Abilities, Weirdness & Mutations

You have a pair of horns on your head.
You reflexively headbutt those who attack you in melee.
Your flesh is heat resistant. (rF+)
You are robust. (+10% HP)
You are covered in fur. (AC +1)
You have hidden genetic defects.


Message History

A bullfrog is nearby!
You slice the bullfrog!! You burn the bullfrog.
You kill the bullfrog!
You now have 432 gold pieces (gained 6).
You now have 443 gold pieces (gained 11).
An acid dragon comes into view.
The acid dragon roars!
The acid dragon spits acid at you. The splash of acid hits you!
The acid corrodes you!
An acid dragon is nearby!
An acid dragon is nearby!
The acid dragon barely misses you. The acid dragon misses you.
You hit the acid dragon but do no damage.
The acid dragon bites you! The acid dragon closely misses you.
You closely miss the acid dragon. The acid dragon misses you. x2
Your scale mail prevents you from hitting the acid dragon.
Your headbutt misses the acid dragon. You hit the acid dragon.
You burn the acid dragon.
The acid dragon is moderately wounded.
The acid dragon bites you. The acid dragon closely misses you.
You barely miss the acid dragon. You headbutt the acid dragon.
The acid dragon is moderately wounded.
You hit the acid dragon but do no damage.
Your headbutt misses the acid dragon.
The acid dragon is moderately wounded.
The acid dragon closely misses you.
The acid dragon claws you but does no damage.
You hit the acid dragon but do no damage.
The acid dragon is moderately wounded.
The acid dragon spits acid at you. The splash of acid hits you!!
* * * LOW HITPOINT WARNING * * *
Unknown command.
It was a potion of mutation.
You feel extremely strange.
You feel a hidden malignance growing inside you.
You feel robust. Fur sprouts all over your body.
You feel resistant to heat. The acid dragon spits acid at you.
The splash of acid hits you!!
You die...
Your body crumbles into a pile of gold.

#...#....#..............
#........##.............
##..###..# #.......#....
##........# ##....#.....
#........## ##########
#........# ##.#.....#
###.....# ..D
###.....@#....
#####........D....#
##.#...##.....######
##..###.##....##
#....#.....#.##
##.........####
##.....#..#..##
####.##......#
#####..#..#


You could see an acid dragon (catching breath).

Vanquished Creatures
  A water moccasin (D:6)
  An ice beast (D:6)
  3 ogres
  A sky beast (D:7)
  2 centaurs (D:5)
  A phantom (D:4)
  A bullfrog (D:7)
  2 scorpions (D:6)
  A wyvern skeleton (D:6)
  A water moccasin skeleton (D:4)
  A bullfrog zombie (D:6)
  A hound (D:5)
  A human zombie (Ossuary)
  2 orc priests (D:6)
  2 gnoll shamans
  A jelly (D:5)
  A bullfrog skeleton (D:6)
  Jessica (D:3)
  An iguana (D:6)
  Terence (D:3)
  An orc wizard (D:5)
  A killer bee zombie (D:5)
  2 mummies (Ossuary)
  9 gnolls
  11 adders
  A white imp (D:6)
  3 ufetubi
  An adder skeleton (D:5)
  A worm (D:5)
  A dart slug (D:1)
  9 orcs
  4 ball pythons
  9 endoplasms
  2 giant cockroaches
  3 gnoll zombies (Ossuary)
  3 goblins (D:4)
  6 hobgoblins
  6 jackals
  9 quokkas
  6 bats
  2 frilled lizards
  2 goblin zombies (Ossuary)
  3 hobgoblin zombies (Ossuary)
  4 kobolds
  5 orc zombies (Ossuary)
  6 rats
136 creatures vanquished.

Vanquished Creatures (others)
  16 toadstools (D:6)
16 creatures vanquished.

Grand Total: 152 creatures vanquished

Notes
Turn   | Place    | Note
-------+----------+-------------------------------------------
     0 | D:1      | bearlyready the Minotaur Cinder Acolyte began the quest for
                  | the Orb.
     0 | D:1      | Reached XP level 1. HP: 19/19 MP: 1/1
   256 | D:1      | Reached skill level 4 in Long Blades
   278 | D:1      | Reached XP level 2. HP: 26/26 MP: 2/2
  1095 | D:2      | Found a faded altar of an unknown god.
  1108 | D:2      | Reached skill level 5 in Long Blades
  1141 | D:2      | Reached XP level 3. HP: 25/31 MP: 3/3
  1968 | D:3      | Noticed Terence
  1979 | D:3      | Killed Terence
  1980 | D:3      | Reached skill level 6 in Long Blades
  1980 | D:3      | Reached XP level 4. HP: 28/38 MP: 4/4
  2487 | D:3      | Noticed Jessica
  2489 | D:3      | Killed Jessica
  2490 | D:3      | Reached XP level 5. HP: 45/45 MP: 5/5
  2577 | D:3      | Reached skill level 7 in Long Blades
  3263 | D:4      | Noticed an ogre
  3302 | D:4      | Killed an ogre
  3303 | D:4      | Reached skill level 8 in Long Blades
  3303 | D:4      | Reached XP level 6. HP: 42/51 MP: 0/6
  3685 | D:4      | Reached skill level 9 in Long Blades
  4119 | D:5      | Entered Level 5 of the Dungeon
  4186 | D:5      | Reached XP level 7. HP: 45/57 MP: 2/7
  4256 | D:5      | Reached skill level 10 in Long Blades
  4457 | D:5      | Found a sand-covered staircase.
  4470 | Ossuary  | Entered an ossuary
  4987 | D:5      | Got the Volume of Shape Shifting and the Snowflakes
  5021 | D:5      | Found Omaineru's Overcharged Wands.
  5028 | D:5      | Found the ring of the Hare {EV+8}
  5240 | D:5      | Found a shimmering altar of Xom.
  5422 | D:5      | Reached skill level 11 in Long Blades
  5716 | D:6      | Reached XP level 8. HP: 64/64 MP: 5/8
  5958 | D:6      | Found a blossoming altar of Fedhas.
  5996 | D:6      | Noticed an oklob plant
  6039 | D:6      | Reached skill level 12 in Long Blades
  6098 | D:6      | Found a staircase to the Ecumenical Temple.
  6138 | Temple   | Entered the Ecumenical Temple
  6333 | Temple   | Fell from the grace of Ignis
  6333 | Temple   | Became a worshipper of Gozag Ym Sagoz the Greedy
  6454 | D:6      | Found a hazy altar of Hepliaklqana.
  6491 | D:6      | Reached skill level 13 in Long Blades
  6600 | D:6      | Found a glowing golden altar of the Shining One.
  7105 | D:7      | Gained mutation: You have hidden genetic defects. [potion
                  | of mutation]
  7105 | D:7      | Gained mutation: You are robust. (+10% HP) [potion of
                  | mutation]
  7105 | D:7      | Gained mutation: You are covered in fur. (AC +1) [potion of
                  | mutation]
  7105 | D:7      | Gained mutation: Your flesh is heat resistant. (rF+)
                  | [potion of mutation]
  7105 | D:7      | Killed from afar by an acid dragon

Illustrated notes

Levels and vault maps discovered:
D:1:      dpeg_arrival_shelter, layout_basic, serial_forest,
          infiniplex_forest_lined_corner, infiniplex_forest_3_way,
          infiniplex_forest_zigzag_1, infiniplex_forest_lined_4_way,
          infiniplex_forest_lined_room_3, infiniplex_forest_clump_small,
          infiniplex_forest_clump_tiny, dk_noncrumbling_4,
          corexii_leaking_fountain
D:2:      layout_loops_cross, serial_aquarium, aquarium_bridge_straight
          [aquarium_subvault_bridge, aquarium_subvault_window,
          aquarium_subvault_bridge, aquarium_subvault_balcony],
          aquarium_window_fake, aquarium_window_3, aquarium_view_2e,
          aquarium_view_2d, aquarium_pool_four,
          hellmonk_ecumenical_altar_dog_temple, bh_walls_and_bars
D:3:      layout_basic, minmay_splitting_lines, uniq_terence, uniq_jessica
D:4:      layout_basic
D:5:      layout_basic, mainiacjoe_overflow_alcove_1, enter_ossuary_3,
          mrwooster_statue_mirror, serial_park_tiny_1,
          nicolae_shop_overcharged_wands
D:6:      layout_cave_pools, tgw_fedhas, marbit_many_paths,
          nicolae_tso_carved_into_rock, minmay_temple_entry_glass
D:7:      minmay_opposing_rooms, layout_cave_pools, nicolae_zen_rock_garden
Temple:   regret_index_temple_waves

Skill      XL: |  1  2  3  4  5  6  7  8 |
---------------+-------------------------+-----
Long Blades    | 4 5 6 8 9 11 13 | 13.8
Fighting       | |  3.6
Spellcasting   | |  1.0
Fire Magic     | |  2.1

Action                   |  1- 3 |  4- 6 |  7- 9 || total
-------------------------+-------+-------+-------++-------
Melee: Falchion          |    85 |   121 |   177 ||   383
       Headbutt          |     4 |    17 |    24 ||    45
Throw: Dart              |     1 |     1 |       ||     2
  Use: Scroll            |       |     3 |       ||     3
       Potion            |       |       |     1 ||     1
Armor: Robe              |     8 |       |       ||     8
       Scale mail        |    28 |    52 |    67 ||   147
Dodge: Dodged            |    52 |    38 |    69 ||   159

Table legend: (Time is in decaauts)
 A = Elapsed time spent in this place.
 B = Non-inter-level travel time spent in this place.
 C = Inter-level travel time spent in this place.
 D = Time resting spent in this place.
 E = Time spent auto-exploring this place.
 F = Levels seen in this place.
 G = Mean time per level.
                   A        B        C        D        E       F      G
               +--------+--------+--------+--------+--------+-----+--------+
         Total |   7052 |   6679 |    373 |      0 |   5634 |   9 |  783.6 |
       Dungeon |   6458 |   6161 |    297 |      0 |   5221 |   7 |  922.6 |
        Temple |    242 |    166 |     76 |      0 |    147 |   1 |  242.0 |
       Ossuary |    350 |    350 |      0 |      0 |    266 |   1 |  350.0 |
               +--------+--------+--------+--------+--------+-----+--------+

Top non-repeatable levels by time:
     D:5: 1219 daAuts
     D:4: 1206 daAuts
     D:1: 1088 daAuts
     D:6: 984 daAuts
     D:3: 931 daAuts
     D:2: 884 daAuts
 Ossuary: 350 daAuts
  Temple: 242 daAuts
     D:7: 143 daAuts
